[Event "*** SCC Grand Prix: Titled Tuesday Blitz"]
[Site "Chess.com"]
[Date "2020.07.07"]
[Round "4"]
[White "Muracle"]
[Black "Rap_woyska"]
[Result "1-0"]
[WhiteElo "2617"]
[BlackElo "2438"]
[TimeControl "180+1"]
[EndTime "10:39:42 PDT"]
[Termination "Muracle won by resignation"]

1. d4 d5 2. c4 c6 3. cxd5 cxd5 4.
Bf4 Nf6 5. Nc3 a6 6. e3 Nc6 7. Rc1 Bf5 8. Nf3 Rc8 9. Be2 e6 10. O-O Bd6 11. Ne5 O-O 12. a3 Bxe5 13. dxe5 Nd7 14.
g4 Bg6 15. Bg3 Qb6 16. Na4 Qa7 17. b4 Ncxe5 18. Nc5 Nxc5 19. Bxe5 Nd7 20. Bd4 Qb8 21.
f4 Be4 22. Qd2 Rxc1 23. Rxc1 Rc8 24. g5 Nf8 25. Rxc8 Qxc8 26. Qb2 e5 27. Bxe5 Qh3 28. Kf2 Qxh2+ 29. Ke1 h5 30. Bxg7 Ne6 31. Be5 Kh7 32. Qc3 Qg1+ 33. Kd2 d4 34. exd4 Qb1 35. Qc8 Qb2+ 36.
Ke3 Ng7 37. d5 Bg6 38. Bxb2 1-0

[Event "*** SCC Grand Prix: Titled Tuesday Blitz"]
[Site "Chess.com"]
[Date "2020.07.07"]
[Round "4"]
[White "Karateloru"]
[Black "Mykola-Bortnyk"]
[Result "0-1"]
[WhiteElo "2652"]
[BlackElo "2849"]
[TimeControl "180+1"]
[EndTime "10:39:44 PDT"]
[Termination "Mykola-Bortnyk won by resignation"]

1. e4 Nf6 2. Nc3 d5 3. e5 Nfd7 4. d4 c5 5. f4 Nc6 6. Nf3 cxd4 7.
Nxd4 Nxd4 8. Qxd4 e6 9. Be3 Bc5 10. Qd2 Bxe3 11. Qxe3 a6 12. Be2 b5 13. Bf3 Qb6 14.
Qxb6 Nxb6 15. Ne2 Bd7 16. Nd4 g5 17. g3 Rc8 18. O-O-O h6 19. h4 gxf4 20. gxf4 Ke7 21. Rhg1 Rhg8 22. b3 b4 23. Be2 a5 24. Bd3 f6 25. Nf3 f5 26. Kd2 Rcf8 27. Rxg8 Rxg8 28.
Rg1 Rg4 29. Ke3 d4+ 30. Kxd4 Rxf4+ 31. Ke3 Nd5+ 32. Ke2 Bc6 33. Rg3 Nc3+ 34. Ke3 Rxf3+ 35. Rxf3 Bxf3 36. Kxf3 Nxa2 37. Ke3 Nc3 38. Kd4 f4 39. Be4 Kd7 40. Bf3 Nb1 41. Ke4 Nd2+ 42. Kxf4 Nxf3 43. Kxf3 Kc6 44. Kg4 Kd5 45. Kh5 Kxe5 46. Kxh6 Kf6 47. Kh5 Kf5 48. Kh6 e5 49. Kg7 Kg4 50.
Kg6 e4 51. h5 e3 52. h6 e2 53. h7 e1=Q 54. h8=Q Qe6+ 55. Kh7 Qf7+ 56. Kh6 Qh5+ 57. Kg7 Qxh8+ 58. Kxh8 Kf4 59. Kg7 Ke4 60. Kf6 Kd4 61. Ke6 Kc3 62. Kd5 Kxc2 63. Kc4 Kb2 64. Kb5 Kxb3 65.
Kxa5 Ka3 0-1

[Event "*** SCC Grand Prix: Titled Tuesday Blitz"]
[Site "Chess.com"]
[Date "2020.07.07"]
[Round "4"]
[White "annamaja"]
[Black "ChronicUnhappiness"]
[Result "1-0"]
[WhiteElo "2261"]
[BlackElo "2411"]
[TimeControl "180+1"]
[EndTime "10:39:44 PDT"]
[Termination "annamaja won on time"]

1. e4 c5 2. Nf3 Nc6 3. d4 cxd4 4. Nxd4 Nf6 5. Nc3 g6 6. Be3 d6 7. Be2 Bg7 8. Qd2 O-O 9. O-O-O Ng4 10. Bxg4 Bxg4 11. f3 Be6 12. Nxe6 fxe6 13. Bh6 Qa5 14. Bxg7 Kxg7 15. h4 h6 16. f4 e5 17. f5 gxf5 18. exf5 Nd4 19. g4 Rac8 20. Kb1 b5 21. g5 b4 22.
gxh6+ Kh7 23. Qg5 Rg8 24. Qxe7+ Kh8 25. Ne4 Qd8 26. Qf7 Rc7 27. Qd5 1-0

[Event "*** SCC Grand Prix: Titled Tuesday Blitz"]
[Site "Chess.com"]
[Date "2020.07.07"]
[Round "4"]
[White "canary2016"]
[Black "AlanTate"]
[Result "0-1"]
[WhiteElo "1907"]
[BlackElo "2154"]
[TimeControl "180+1"]
[EndTime "10:39:45 PDT"]
[Termination "AlanTate won by checkmate"]

1. d4 Nf6 2. c4 e6 3. g3 c5 4. d5 exd5 5. cxd5 d6 6. Bg2 g6 7.
Nc3 Bg7 8. Nf3 O-O 9. O-O Re8 10. Bf4 Bf5 11. Nb5 Ne4 12. Qb3 g5 13. Bc1 Nd7 14. Re1 h6 15. Nd2 Ndf6 16. Nxe4 Bxe4 17. Bxe4 Rxe4 18. f3 Rb4 19. Qd3 c4 20. Qc3 Nxd5 21. Qc2 Qb6+ 22. Kg2 Qxb5 23. e4 Bxb2 24. Rb1 Bxc1 25.
Rxb4 Nxb4 26. Qxc1 Nd3 27. Qc3 Nxe1+ 28. Qxe1 Qb2+ 29.
Kh3 c3 30. Qe3 c2 31. Qd4 Qxd4 32. g4 c1=Q 33. f4 Qf1+ 34. Kg3 Qe3# 0-1

[Event "*** SCC Grand Prix: Titled Tuesday Blitz"]
[Site "Chess.com"]
[Date "2020.07.07"]
[Round "4"]
[White "Man-Chuk"]
[Black "Rish_97"]
[Result "1/2-1/2"]
[WhiteElo "2857"]
[BlackElo "2653"]
[TimeControl "180+1"]
[EndTime "10:39:46 PDT"]
[Termination "Game drawn by agreement"]

1. d4 Nf6 2. c4 e6 3. Nf3 d5 4. Nc3 Bb4 5. Bg5 h6 6. Bxf6 Qxf6 7. e3 O-O 8. Qb3 Bxc3+ 9. bxc3 dxc4 10. Bxc4 b6 11. O-O Nc6 12. Be2 Na5 13. Qb2 Bb7 14. Rac1 Rfd8 15. Rfd1 Rac8 16. Ne5 c5 17. Bf3 Bxf3 18.
Nxf3 Rc7 19. e4 Rdc8 20. d5 exd5 21. exd5 Nc4 22. Qe2 Nd6 23. Qe5 Qxe5 24. Nxe5 Re8 25. Nc6 Re2 26. a4 Kf8 27. a5 b5 28. a6 Re8 29. Re1 Ne4 30. f3 Nf6 31. Rxe8+ Kxe8 32. Re1+ Kf8 33. Rd1 Nxd5 34. Nxa7 Rxa7 35. Rxd5 Rxa6 36. Rxc5 1/2-1/2

[Event "*** SCC Grand Prix: Titled Tuesday Blitz"]
[Site "Chess.com"]
[Date "2020.07.07"]
[Round "4"]
[White "WashUntilHoles"]
[Black "Thipsay"]
[Result "1-0"]
[WhiteElo "2732"]
[BlackElo "2520"]
[TimeControl "180+1"]
[EndTime "10:39:47 PDT"]
[Termination "WashUntilHoles won on time"]

1. e4 e5 2. Nf3 Nc6 3. Bb5 a6 4.
Ba4 Nf6 5. O-O Be7 6. d3 b5 7. Bb3 O-O 8. a4 Rb8 9. axb5 axb5 10. Nc3 d6 11. Nd5 Bg4 12. Be3 Nxd5 13. Bxd5 Nb4 14. Bb3 c5 15. c3 Bxf3 16. gxf3 Nxd3 17. Qxd3 c4 18. Qc2 cxb3 19. Qxb3 Bg5 20. Kh1 Kh8 21. Ra7 Qf6 22. Qd1 b4 23. c4 b3 24. Bxg5 Qxg5 25. Qxd6 Rbd8 26. Qb4 Qf4 27. Qxb3 Rb8 28. Qa3 Rfe8 29.
Qe3 Qh4 30. Rxf7 Rxb2 31. c5 1-0

[Event "*** SCC Grand Prix: Titled Tuesday Blitz"]
[Site "Chess.com"]
[Date "2020.07.07"]
[Round "4"]
[White "AliKa2810"]
[Black "BJthechessgod"]
[Result "1-0"]
[WhiteElo "2588"]
[BlackElo "2325"]
[TimeControl "180+1"]
[EndTime "10:39:47 PDT"]
[Termination "AliKa2810 won by checkmate"]

1. d4 Nf6 2. c4 e6 3. Nf3 b6 4. a3 Bb7 5. Nc3 Be7 6. d5 O-O 7. e4 d6 8. Bd3 e5 9. O-O Nbd7 10.
b4 a5 11. Bd2 c5 12. bxa5 Rxa5 13. a4 Ra8 14. Qb3 Nh5 15. a5 Nf4 16. Bc2 f5 17. exf5 Ba6 18. Rfe1 bxa5 19. Nb5 Bxb5 20. Qxb5 Rb8 21.
Qxa5 Rb2 22. Qc3 Qb6 23. Bxf4 Bf6 24. Bg5 e4 25. Bxf6 Nxf6 26. Bxe4 Rb3 27. Qc2 Rb8 28. h3 Qb4 29. Ng5 Rc3 30. Qe2 Rxc4 31. Rab1 Nxe4 32.
Rxb4 cxb4 33. Qxc4 Nxg5 34. h4 Nf7 35. Qxb4 Rf8 36.
Re7 Ne5 37. Qxd6 Rxf5 38. Qe6+ Rf7 39. Re8# 1-0

[Event "*** SCC Grand Prix: Titled Tuesday Blitz"]
[Site "Chess.com"]
[Date "2020.07.07"]
[Round "4"]
[White "Sammed_Shete"]
[Black "Rodchenkov_Vitalij"]
[Result "1-0"]
[WhiteElo "2605"]
[BlackElo "2374"]
[TimeControl "180+1"]
[EndTime "10:39:48 PDT"]
[Termination "Sammed_Shete won on time"]

1. e4 c5 2. Nf3 Nc6 3. Bb5 g6 4.
O-O Bg7 5. c3 e5 6. d4 exd4 7.
cxd4 Nxd4 8. Nxd4 Bxd4 9. e5 Ne7 10. Bh6 Nf5 11. Bf4 O-O 12. Nd2 d6 13. exd6 Nxd6 14. Ba4 Be6 15. Nf3 Nf5 16. Nxd4 Qxd4 17. Qxd4 Nxd4 18.
Rfe1 b5 19. Bd1 Rfd8 20. a4 a6 21. Bc7 Rdc8 22. Be5 Nb3 23. Bxb3 Bxb3 24. axb5 axb5 25. Rxa8 Rxa8 26. h4 h5 27. Bd6 Rc8 28. Re5 c4 29. Bb4 Ba4 30. Kh2 Kg7 31. Kg3 1-0

[Event "*** SCC Grand Prix: Titled Tuesday Blitz"]
[Site "Chess.com"]
[Date "2020.07.07"]
[Round "4"]
[White "talman67"]
[Black "alfiefischer77"]
[Result "1-0"]
[WhiteElo "2486"]
[BlackElo "2308"]
[TimeControl "180+1"]
[EndTime "10:39:50 PDT"]
[Termination "talman67 won by resignation"]

1. e4 c5 2. Nf3 e6 3. d4 cxd4 4. Nxd4 a6 5. Bd3 Nf6 6. O-O Qc7 7. Qe2 d6 8. c4 g6 9. Nc3 Bg7 10. Be3 O-O 11. f3 b6 12. Rac1 Nbd7 13. Rfd1 Bb7 14.
Qf2 Rac8 15. Bf1 Rfe8 16. b4 Qb8 17. Nb3 Ba8 18. c5 bxc5 19. Bxa6 Bb7 20. Bxb7 Qxb7 21. bxc5 dxc5 22. Na5 Qa6 23. Nb3 c4 24. Nc5 Nxc5 25. Bxc5 Red8 26. Bd4 Qa5 27. Qe3 Qh5 28. h3 Bh6 29. f4 Bg7 30. g4 Nxg4 31. hxg4 Qxg4+ 32. Kf2 Bxd4 33. Rxd4 Rxd4 34. Qxd4 Qxf4+ 35. Ke2 Qxc1 36.
a4 Qb2+ 37. Kf3 Qb3 38. a5 Ra8 39. Kf4 Rxa5 40. Qd8+ Kg7 41. Qxa5 Qc2 42. Qe5+ Kg8 43. Qd4 Qh2+ 44. Kg5 Qg3+ 45. Kf6 Qf4+ 46. Ke7 Qc7+ 47.
Qd7 Qc5+ 48. Ke8 Qe5 49. Qxf7+ 1-0

[Event "*** SCC Grand Prix: Titled Tuesday Blitz"]
[Site "Chess.com"]
[Date "2020.07.07"]
[Round "4"]
[White "SiddharthGMJagadeesh"]
[Black "The_Machine04"]
[Result "1-0"]
[WhiteElo "2449"]
[BlackElo "2278"]
[TimeControl "180+1"]
[EndTime "10:39:50 PDT"]
[Termination "SiddharthGMJagadeesh won by checkmate"]

1. d4 d6 2. Nc3 e5 3. dxe5 dxe5 4. Qxd8+ Kxd8 5. Nf3 f6 6. Be3 Be6 7. O-O-O+ Nd7 8.
g3 c6 9. Bg2 Ne7 10. Bc5 Nd5 11.
Bxf8 Rxf8 12. Ne4 Ke7 13. Nfd2 Rfd8 14. Nb3 b6 15. Rd2 Rac8 16. Rhd1 h6 17. c4 Nb4 18. Nd6 Rc7 19. a3 Na6 20. f4 Rb8 21. Kb1 Nac5 22.
Nc1 a5 23. f5 Bg8 24. e3 a4 25. g4 Nb7 26. Nxb7 Rbxb7 27. Nd3 Ra7 28. Nb4 Nb8 29.
Rd8 Rd7 30. R1xd7+ Nxd7 31. Nxc6+ Kf7 32. Nxa7 Ke7 33.
Nc6+ Kf7 34. Bd5# 1-0

[Event "*** SCC Grand Prix: Titled Tuesday Blitz"]
[Site "Chess.com"]
[Date "2020.07.07"]
[Round "4"]
[White "shineatchess"]
[Black "biaf13"]
[Result "0-1"]
[WhiteElo "2156"]
[BlackElo "1958"]
[TimeControl "180+1"]
[EndTime "10:39:50 PDT"]
[Termination "biaf13 won by checkmate"]

1. d4 Nf6 2. c4 g6 3. Nc3 d5 4.
cxd5 Nxd5 5. e4 Nxc3 6. bxc3 Bg7 7. Bc4 c5 8. Ne2 Nc6 9. Be3 O-O 10. O-O b6 11.
Rc1 Bb7 12. d5 Na5 13. Bd3 Qd7 14. c4 a6 15. f4 Rac8 16. Kh1 Rfd8 17. Rb1 b5 18.
cxb5 c4 19. Bc2 axb5 20. Bb6 Ra8 21. Bxd8 Rc8 22. Nd4 Rxd8 23. Nxb5 c3 24. Nd4 Nc4 25. Rf2 Nb2 26. Ba4 Nxd1 27. Bxd7 Nxf2+ 28. Kg1 Nxe4 29.
Rxb7 Bxd4+ 30. Kf1 c2 31. Rc7 Bc3 32. Ke2 c1=Q 33.
Kd3 Qd2+ 34. Kxe4 Qe2# 0-1

[Event "*** SCC Grand Prix: Titled Tuesday Blitz"]
[Site "Chess.com"]
[Date "2020.07.07"]
[Round "4"]
[White "ShapkinAnatoliy"]
[Black "aa175"]
[Result "1-0"]
[WhiteElo "2597"]
[BlackElo "2356"]
[TimeControl "180+1"]
[EndTime "10:39:51 PDT"]
[Termination "ShapkinAnatoliy won on time"]

1. d4 e5 2. dxe5 Nc6 3. Nf3 Qe7 4. Bf4 Qb4+ 5. Bd2 Qxb2 6. Nc3 Bb4 7. Rb1 Qxc3 8.
Bxc3 Bxc3+ 9. Nd2 Nxe5 10. e3 Nf6 11. Bd3 O-O 12. O-O d6 13. f4 Neg4 14. Qe2 Re8 15. e4 Bd4+ 16. Kh1 Nd5 17. Rbe1 Nde3 18. Rf3 Re6 19. h3 Rh6 20. Nb3 Bc3 21. Rxe3 Nxe3 22. Qxe3 Bxe1 23. Qxe1 Be6 24. f5 Bxb3 25. axb3 Re8 26.
Qa5 b6 27. Qxa7 d5 28. exd5 Rd6 29. Bb5 Re1+ 30. Kh2 h6 31. c4 c5 32. Qb8+ 1-0

[Event "*** SCC Grand Prix: Titled Tuesday Blitz"]
[Site "Chess.com"]
[Date "2020.07.07"]
[Round "4"]
[White "tamarozi99"]
[Black "inegrepus"]
[Result "0-1"]
[WhiteElo "1975"]
[BlackElo "2187"]
[TimeControl "180+1"]
[EndTime "10:39:51 PDT"]
[Termination "inegrepus won by resignation"]

1. e4 e5 2. Nf3 Nc6 3. Bb5 f5 4. d3 fxe4 5. dxe4 Nf6 6. Qd3 Bc5 7. Nc3 d6 8. Qc4 Bd7 9. Bg5 h6 10. Bxf6 Qxf6 11. Nd5 Qd8 12. Bxc6 bxc6 13. Ne3 Bxe3 14. fxe3 Qe7 15. O-O Qe6 16. Qxe6+ Bxe6 17. Nh4 g5 18. Nf5 Kd7 19. b3 Raf8 20. c4 c5 21. Rad1 Rf6 22. Ng3 Rhf8 23. Rxf6 Rxf6 24. Rf1 Ke7 25. Rxf6 Kxf6 26.
Kf2 c6 27. h3 d5 28. exd5 cxd5 29. cxd5 Bxd5 30. Nh5+ Ke7 31. g4 c4 32. bxc4 Bxc4 33.
a3 Kd6 34. Ng7 Bd3 35. Ke1 Kc5 36. Kd2 Bg6 37. Nf5 h5 38. Ng3 hxg4 39. hxg4 Kc4 40. Ne2 Kb3 41. Nc3 a5 42. Nd5 Kxa3 43. Ne7 Be4 44. Nf5 Kb2 45. Ng3 Bg6 46. Ne2 a4 47. Nc3 a3 48. e4 a2 49. Nxa2 Kxa2 50. Ke3 Kb3 51. Kd3 Kb4 52. Ke3 Kc3 0-1

[Event "*** SCC Grand Prix: Titled Tuesday Blitz"]
[Site "Chess.com"]
[Date "2020.07.07"]
[Round "4"]
[White "RobertoJBM"]
[Black "ChessWarrior7197"]
[Result "0-1"]
[WhiteElo "2707"]
[BlackElo "2885"]
[TimeControl "180+1"]
[EndTime "10:39:52 PDT"]
[Termination "ChessWarrior7197 won by resignation"]

1. d4 d5 2. c4 e6 3. Nc3 c5 4. cxd5 exd5 5. Nf3 Nc6 6. g3 Nf6 7. Bg2 cxd4 8. Nxd4 Bc5 9. Nxc6 bxc6 10. O-O O-O 11.
e4 Ba6 12. Re1 Qb6 13. Be3 Bxe3 14. Rxe3 Rad8 15. exd5 cxd5 16. Na4 Qd6 17. Qd4 Rc8 18. b3 Rc2 19. Rc3 Rc8 20. Rxc8+ Bxc8 21. Qxa7 d4 22. Rd1 d3 23. Qe3 d2 24. Bf3 h5 25.
Nc3 Bg4 26. Ne4 Nxe4 27. Bxg4 hxg4 28. Qxe4 Rc1 29. Qxg4 Qd3 30. Kg2 Qc2 31. Qe2 Rxd1 32. Qe8+ Kh7 0-1

[Event "*** SCC Grand Prix: Titled Tuesday Blitz"]
[Site "Chess.com"]
[Date "2020.07.07"]
[Round "4"]
[White "MergenKakabaev"]
[Black "deribas12345"]
[Result "1-0"]
[WhiteElo "2430"]
[BlackElo "2595"]
[TimeControl "180+1"]
[EndTime "10:39:52 PDT"]
[Termination "MergenKakabaev won by resignation"]

1. e4 c5 2. Nf3 d6 3. d4 cxd4 4.
Nxd4 Nf6 5. Nc3 a6 6. Bg5 e6 7. f4 Be7 8. Qf3 h6 9. Bxf6 Bxf6 10. O-O-O Nd7 11. g4 Qa5 12. h4 Be7 13. Kb1 Nc5 14. g5 Bd7 15. f5 hxg5 16. hxg5 Rxh1 17. Qxh1 O-O-O 18. Qh5 Be8 19. Bh3 Kb8 20. Qh7 e5 21.
Nb3 Nxb3 22. axb3 Bxg5 23. Qxg7 Be3 24. Nd5 Bc5 25. Qf6 Rc8 26. c3 Bc6 27. b4 Qa4 28. Bg4 Bxd5 29. Rxd5 Bxb4 30. Bd1 Qc6 31. cxb4 Qc1+ 32.
Ka2 Qc4+ 33. Bb3 Qxe4 34. Qxd6+ Ka8 35. Rxe5 Qf4 36. Rd5 Qf1 37. Qb6 Qe1 38. Rd7 Qe4 39. Bd5 1-0

[Event "*** SCC Grand Prix: Titled Tuesday Blitz"]
[Site "Chess.com"]
[Date "2020.07.07"]
[Round "4"]
[White "dalmatinac101"]
[Black "ThePatrick27"]
[Result "1-0"]
[WhiteElo "2814"]
[BlackElo "2526"]
[TimeControl "180+1"]
[EndTime "10:39:53 PDT"]
[Termination "dalmatinac101 won on time"]

1. e4 e5 2. Nf3 Nc6 3. Bb5 a6 4. Ba4 Nf6 5. O-O Be7 6. Re1 b5 7. Bb3 O-O 8. c3 d5 9. exd5 Nxd5 10. Nxe5 Nxe5 11. Rxe5 c6 12. d3 Bd6 13. Re1 Bf5 14.
Qf3 Re8 15. Rxe8+ Qxe8 16. Nd2 Nf4 17. Ne4 Bxe4 18. dxe4 Ne6 19. Be3 Rd8 20. Rd1 Be5 21.
g3 Rc8 22. Qf5 Bf6 23. e5 Bd8 24. h4 Bc7 25. h5 h6 26. Bc2 Nf8 27. Bc5 Qe6 28.
Bxf8 Qxf5 29. Bxf5 Rxf8 30. e6 fxe6 31. Bxe6+ Kh7 32. Rd7 Bb6 33. Bf7 Rd8 34. Bg6+ Kg8 35. Rb7 Bc5 36. b4 Bf8 37. Rb6 c5 38. bxc5 Bxc5 39.
Rxa6 Rf8 40. Ra5 Bxf2+ 41. Kg2 Be1 42. Rxb5 Bxc3 43. a4 Bd4 44. a5 Rf2+ 45. Kh3 Kf8 46. Rd5 Ba7 47. Re5 Kg8 48. a6 1-0

[Event "*** SCC Grand Prix: Titled Tuesday Blitz"]
[Site "Chess.com"]
[Date "2020.07.07"]
[Round "4"]
[White "TheBigBoss04"]
[Black "googlegoom"]
[Result "1-0"]
[WhiteElo "2748"]
[BlackElo "2524"]
[TimeControl "180+1"]
[EndTime "10:39:53 PDT"]
[Termination "TheBigBoss04 won by resignation"]

1. Nf3 d5 2. g3 Nf6 3. Bg2 e6 4. O-O b6 5. c4 Bb7 6. b3 Be7 7. Bb2 O-O 8. e3 c5 9. Qe2 Nbd7 10. d3 Qc7 11. Nc3 Rac8 12. Rac1 Rfd8 13. Rfd1 Qb8 14.
h3 Qa8 15. Kh2 h6 16. Rd2 Qb8 17. Rcd1 a6 18. Rc2 Ba8 19. cxd5 Nxd5 20. Nxd5 Bxd5 21. Rcd2 Bf6 22. d4 b5 23. e4 Bb7 24. d5 exd5 25. e5 Be7 26. e6 Nf6 27. exf7+ Kxf7 28. Ne5+ Kg8 29. Ng6 Bf8 30. Qe6+ Kh7 31. Bxf6 gxf6 32. Bxd5 Bxd5 33. Nxf8+ Rxf8 34. Rxd5 Rce8 35. Rd7+ Kh8 36. Qf5 1-0

[Event "*** SCC Grand Prix: Titled Tuesday Blitz"]
[Site "Chess.com"]
[Date "2020.07.07"]
[Round "4"]
[White "Shubinkirill2003"]
[Black "Bodnar_Mykola"]
[Result "1-0"]
[WhiteElo "2621"]
[BlackElo "2449"]
[TimeControl "180+1"]
[EndTime "10:39:53 PDT"]
[Termination "Shubinkirill2003 won by resignation"]

1. e4 e5 2. Nf3 Nc6 3. Bb5 g6 4. c3 a6 5. Ba4 b5 6. Bb3 Bg7 7. d4 exd4 8. cxd4 Nge7 9. Nc3 O-O 10. O-O d6 11. h3 Na5 12. Be3 Nxb3 13. axb3 Bb7 14. b4 h6 15. d5 Kh7 16. Bd4 f5 17. Bxg7 Kxg7 18. Nd4 Bc8 19. Re1 fxe4 20. Rxe4 Nf5 21.
Ne6+ Bxe6 22. dxe6 c6 23. g4 Qg5 24. f4 Qh4 25.
gxf5 Qg3+ 26. Kf1 Qxh3+ 27. Ke2 Qg2+ 28. Ke3 d5 29. Qg1 Qxg1+ 30. Rxg1 dxe4 31. Rxg6+ Kh7 32. e7 Rf7 33. Re6 Re8 34. f6 Kg6 35. Nxe4 Kf5 36. Re5+ Kg6 37. Nd6 1-0

[Event "*** SCC Grand Prix: Titled Tuesday Blitz"]
[Site "Chess.com"]
[Date "2020.07.07"]
[Round "4"]
[White "zajka-molotok"]
[Black "kidagent"]
[Result "1-0"]
[WhiteElo "2421"]
[BlackElo "2237"]
[TimeControl "180+1"]
[EndTime "10:39:53 PDT"]
[Termination "zajka-molotok won by resignation"]

1. c4 c6 2. Nf3 Nf6 3. e3 d5 4. b3 g6 5. Bb2 Bg7 6. Be2 O-O 7.
O-O Bg4 8. h3 Bxf3 9. Bxf3 Nbd7 10.
d3 e6 11. Nd2 Ne8 12. d4 f5 13. b4 Ndf6 14. b5 Ne4 15. Be2 N8d6 16. bxc6 bxc6 17. Nxe4 fxe4 18. Qa4 Qd7 19. Rac1 Rfc8 20. Ba3 Nf7 21. Rc2 Bf8 22. cxd5 exd5 23. Bg4 Qb7 24. Bxc8 Rxc8 25.
Bxf8 Kxf8 26. Rfc1 Nd8 27. Qa3+ Qe7 28. Qxe7+ Kxe7 29.
f3 exf3 30. gxf3 Kd6 31. Kf2 Rb8 32. h4 Rb6 33. h5 gxh5 34. Rh1 Ne6 35. Rxh5 Rb7 36.
Rh6 Re7 37. Ke2 Kd7 38. Kd3 c5 39. dxc5 Kc6 40. f4 Kd7 41. c6+ Kc7 42. f5 Nf8 43. Kd4 Rf7 44. Rf2 Ng6 45. fxg6 1-0

[Event "*** SCC Grand Prix: Titled Tuesday Blitz"]
[Site "Chess.com"]
[Date "2020.07.07"]
[Round "4"]
[White "PawnEatingZombie"]
[Black "WonderChampion"]
[Result "1-0"]
[WhiteElo "2201"]
[BlackElo "2023"]
[TimeControl "180+1"]
[EndTime "10:39:53 PDT"]
[Termination "PawnEatingZombie won by checkmate"]

1. d4 d5 2. c4 e6 3. Nc3 c6 4. e3 Nf6 5. Nf3 Bd6 6. Qc2 Nbd7 7.
Bd3 dxc4 8. Bxc4 e5 9. O-O O-O 10. h3 Qc7 11. Bb3 exd4 12. exd4 b6 13. Bg5 Bb7 14. Rfe1 h6 15. Bxh6 gxh6 16. Qg6+ Kh8 17. Qxh6+ Nh7 18. Ng5 Nf6 19. Nce4 Bh2+ 20. Kh1 Rg8 21.
Nxf6 Rg7 22. Ngxh7 Rg6 23. Qh4 Kg7 24. Bc2 c5 25.
Bxg6 fxg6 26. Ng5 Qc6 27. Ne6+ Kf7 28. d5 Qd6 29. Ng5+ Kg7 30. Nge4 Qe7 31. Qh7+ Kf8 32. Qg8# 1-0

[Event "*** SCC Grand Prix: Titled Tuesday Blitz"]
[Site "Chess.com"]
[Date "2020.07.07"]
[Round "4"]
[White "Semen_Khanin"]
[Black "Aguiar94"]
[Result "1-0"]
[WhiteElo "2709"]
[BlackElo "2517"]
[TimeControl "180+1"]
[EndTime "10:39:54 PDT"]
[Termination "Semen_Khanin won on time"]

1. e4 c5 2. Nf3 e6 3. d4 cxd4 4. Nxd4 Nc6 5. Nc3 Qc7 6. Be3 a6 7. Qf3 Nf6 8. O-O-O Nxd4 9. Bxd4 e5 10. Be3 d6 11. h3 h6 12. Qg3 Be6 13. f4 Rc8 14.
Bd3 b5 15. f5 b4 16. fxe6 bxc3 17. exf7+ Kxf7 18. b3 Qa5 19. Kb1 Be7 20. Rhf1 Rc6 21.
Bc1 Rb8 22. Qf2 Rb4 23. g4 Ra4 24. bxa4 Qxa4 25. Ka1 Rc5 26. Qe2 Kf8 27. Be3 Qa3 28. Rb1 Ra5 29. Bc4 d5 30. exd5 Ke8 31. Qd3 Qa4 32.
Qxc3 e4 33. Bb3 Qa3 34. Qc8+ Bd8 35. d6 1-0

[Event "*** SCC Grand Prix: Titled Tuesday Blitz"]
[Site "Chess.com"]
[Date "2020.07.07"]
[Round "4"]
[White "mattcolins2025"]
[Black "IMRosen"]
[Result "1-0"]
[WhiteElo "2393"]
[BlackElo "2547"]
[TimeControl "180+1"]
[EndTime "10:39:54 PDT"]
[Termination "mattcolins2025 won on time"]

1. d4 d5 2. c4 e6 3. Nc3 Nf6 4. cxd5 exd5 5. Bg5 c6 6. e3 Bd6 7. Bd3 O-O 8. Qc2 h6 9. Bh4 Re8 10. Nf3 a5 11. O-O Na6 12. a3 Nc7 13. Rae1 Bg4 14. Nd2 Bd7 15. f4 Be7 16. Nf3 Ne4 17. Bxe7 Qxe7 18.
Ne5 Bf5 19. g4 Bh7 20. f5 f6 21. Nf3 Kh8 22. Bxe4 dxe4 23. Nd2 Bg8 24. Ndxe4 Nd5 25.
Nxd5 Bxd5 26. Ng3 Be4 27. Nxe4 Qxe4 28. Qxe4 Rxe4 29. h3 Rae8 30. Kf2 Kg8 31. Re2 Kf7 32. Rc1 R4e7 33. Kf3 Ra8 34. e4 Rd7 35. Rd2 Rad8 36.
Rcd1 c5 37. Ke3 c4 38. a4 Rc8 39.
Rc2 Re7 40. Kf3 Rec7 41. e5 Ke7 42. Ke4 c3 43. Rdc1 cxb2 44. Rxc7+ Rxc7 45. Rxc7+ Kd8 46. Rxb7 1-0

[Event "*** SCC Grand Prix: Titled Tuesday Blitz"]
[Site "Chess.com"]
[Date "2020.07.07"]
[Round "4"]
[White "profofchess"]
[Black "mfwagnerpeixoto"]
[Result "1-0"]
[WhiteElo "2466"]
[BlackElo "2220"]
[TimeControl "180+1"]
[EndTime "10:39:55 PDT"]
[Termination "profofchess won on time"]

1. e4 c5 2. Nf3 Nc6 3. Bb5 e6 4. O-O Nge7 5. c3 a6 6. Ba4 d5 7. e5 b5 8. Bc2 d4 9. Be4 Bb7 10.
Re1 Rb8 11. a4 Qc7 12. axb5 axb5 13. Na3 Bc8 14. Nc2 Ng6 15. cxd4 Nxd4 16. Ncxd4 cxd4 17. b3 Bd7 18. Bb2 Bc5 19. Rc1 Qb6 20. Qc2 Rc8 21. b4 Bxb4 22. Qb1 Rxc1 23. Rxc1 Bc5 24. h4 h6 25.
Bxg6 fxg6 26. Qxg6+ Kf8 27. d3 Be8 28. Qg3 Bf7 29. Nd2 Bb4 30. Ne4 1-0

[Event "*** SCC Grand Prix: Titled Tuesday Blitz"]
[Site "Chess.com"]
[Date "2020.07.07"]
[Round "4"]
[White "Falia-p"]
[Black "GameOverBro"]
[Result "0-1"]
[WhiteElo "2308"]
[BlackElo "2486"]
[TimeControl "180+1"]
[EndTime "10:39:55 PDT"]
[Termination "GameOverBro won by checkmate"]

1. e4 c5 2. Nf3 d6 3. d4 cxd4 4. Nxd4 Nf6 5. Nc3 a6 6. h3 b5 7. g4 Bb7 8. Bg2 e5 9. Nb3 b4 10. Nd5 Nxd5 11. exd5 Be7 12. O-O Nd7 13. f4 h5 14. fxe5 Nxe5 15. Nd4 hxg4 16. hxg4 g6 17. Be3 Bg5 18. Qd2 Bxe3+ 19. Qxe3 Qh4 20. Qf4 Qxg4 21. Qxg4 Nxg4 22. Rae1+ Kf8 23. Nc6 Bc8 24. Re7 Ne5 25. Rc7 Bf5 26. Nxb4 Kg7 27. Nc6 Ng4 28. Nd4 Kf6 29. Rf3 Ne5 30. Rf2 Rh4 31. Nf3 Rg4 32.
Nxe5 dxe5 33. c4 Rb8 34. b3 e4 35. Kf1 e3 36. Rf3 Re8 37. Bh3 e2+ 38. Kf2 e1=Q# 0-1

[Event "*** SCC Grand Prix: Titled Tuesday Blitz"]
[Site "Chess.com"]
[Date "2020.07.07"]
[Round "4"]
[White "Agnes66678"]
[Black "diablanni"]
[Result "0-1"]
[WhiteElo "2441"]
[BlackElo "2310"]
[TimeControl "180+1"]
[EndTime "10:39:55 PDT"]
[Termination "diablanni won by checkmate"]

1. Nf3 c5 2. g3 g6 3. Bg2 Nf6 4. O-O Bg7 5. c3 O-O 6. d4 cxd4 7. cxd4 d6 8. Nc3 Nc6 9. e4 Bd7 10. h3 Rc8 11. Re1 Na5 12. e5 Ne8 13. Bg5 dxe5 14.
dxe5 Nc7 15. Nd4 h6 16. Bf4 Ne6 17. Nxe6 Bxe6 18. Qf3 Nc6 19. Rad1 Qa5 20. Qe3 Kh7 21. h4 Rfd8 22. Rxd8 Rxd8 23. Be4 h5 24. Bb1 Nd4 25. Ne4 Bg4 26. Ng5+ Kg8 27. e6 f6 28. Nf7 Rd5 29.
Be4 Bxe6 30. Bxd5 Bxd5 31. Rd1 Nf3+ 32. Kf1 Kxf7 33. b4 Qb5+ 34. Kg2 Ne1+ 35. Kh2 Qf1 36. Qxe1 Qg2# 0-1

[Event "*** SCC Grand Prix: Titled Tuesday Blitz"]
[Site "Chess.com"]
[Date "2020.07.07"]
[Round "4"]
[White "DonBroca"]
[Black "ailime26"]
[Result "1-0"]
[WhiteElo "2133"]
[BlackElo "1872"]
[TimeControl "180+1"]
[EndTime "10:39:55 PDT"]
[Termination "DonBroca won on time"]

1. c4 g6 2. Nc3 Bg7 3. e3 b6 4.
d4 Bb7 5. Nf3 d6 6. g3 Nd7 7.
Bg2 Ngf6 8. O-O O-O 9. Re1 c5 10. d5 Qc7 11. h3 e5 12. e4 Rfe8 13. Be3 Bh8 14. Qd2 Nh5 15. g4 Ng7 16. Bh6 Rf8 17. Ng5 Qd8 18. Nb5 Qe7 19. Rad1 a6 20. Nc3 Rae8 21. a3 Bc8 22. b4 f6 23. Ne6 Rf7 24. Bxg7 Bxg7 25. Ne2 Nf8 26. f4 Nxe6 27. dxe6 Bxe6 28. f5 Bxc4 29. Ng3 g5 30. Qxd6 Qxd6 31. Rxd6 cxb4 32. axb4 Rb7 33. Nh5 Rf7 34. Rxb6 Rc8 35.
Rd1 Bb5 36. Rdd6 1-0